 Dungeon Crawl Stone Soup version 0.21-a0-351-g38363bb (webtiles) character file.

1236 nikopol the Cleaver (level 8, -10/70 HPs)
             Began as a Minotaur Berserker on Oct 9, 2017.
             Was an Elder of Trog.
             Mangled by an orc warrior
             ... wielding a +0 dire flail
              (15 damage)
             ... on level 6 of the Dungeon.
             The game lasted 00:10:56 (5313 turns).

nikopol the Cleaver (Minotaur Berserker)            Turns: 5313, Time: 00:10:57

Health: -10/70     AC:  7    Str: 23    XL:     8   Next: 24%
Magic:  7/7        EV: 12    Int:  4    God:    Trog [****..]
Gold:   147        SH:  0    Dex: 11    Spells: 7/7 levels left

rFire    . . .     SeeInvis .   a - +0 war axe
rCold    . . .     Gourm    .   (no shield)
rNeg     . . .     Faith    .   o - +0 scale mail
rPois    .         Spirit   .   (helmet restricted)
rElec    .         Reflect  .   (no cloak)
rCorr    .         Harm     .   (no gloves)
MR       .....                  (no boots)
Stlth    ..........             (no amulet)
HPRegen  0.21/turn              (no ring)
MPRegen  0.10/turn              (no ring)

@: no status effects
A: retaliatory headbutt, horns 2
a: Berserk, Trog's Hand, Brothers in Arms, Burn Spellbooks, Renounce Religion


You were on level 6 of the Dungeon.
You worshipped Trog.
Trog was greatly pleased with you.
You were not hungry.

You visited 1 branch of the dungeon, and saw 6 of its levels.

You collected 147 gold pieces.

Inventory:

Hand Weapons
 a - a +0 war axe (weapon)
 v - a +0 hand axe
Missiles
 g - 44 arrows
Armour
 b - a +0 animal skin
 o - a +0 scale mail (worn)
Jewellery
 h - a +4 ring of intelligence {unknown}
 D - a +4 ring of intelligence {unknown}
Wands
 y - a wand of acid (5/15)
Scrolls
 d - 2 scrolls of recharging {unknown}
 e - a scroll of fear {unknown}
 j - 3 scrolls of teleportation {unknown}
 k - 2 scrolls of amnesia {unknown}
 n - 5 scrolls of identify {unknown}
 q - 5 scrolls of remove curse {unknown}
 w - 2 scrolls of enchant armour {unknown}
 x - a scroll of blinking {unknown}
Potions
 f - 2 potions of might {unknown}
 i - a potion of magic {unknown}
 l - 2 potions of mutation {unknown}
 m - a potion of curing {unknown}
 p - 2 potions of agility {unknown}
 s - a potion of brilliance {unknown}
 t - 3 potions of lignification {unknown}
 u - a potion of degeneration {unknown}
 z - a potion of heal wounds {unknown}
 A - a potion of resistance {unknown}
 E - 2 potions of invisibility {unknown}
Comestibles
 c - 3 bread rations
 r - 2 meat rations
 B - 3 fruits
 C - a royal jelly


   Skills:
 + Level 6.2 Fighting
 + Level 9.0 Axes
 + Level 5.4 Armour
 + Level 4.3 Dodging
 + Level 1.5 Stealth


You had 7 spell levels left.
You didn't know any spells.

Dungeon Overview and Level Annotations

Branches:
Dungeon (6/15)             Temple (0/1) D:5

Altars:
Ashenzari
Cheibriados
Elyvilon
Fedhas
Kikubaaqudgha
Okawaru
Ru
Sif Muna
Trog
Xom
Zin


Innate Abilities, Weirdness & Mutations

You reflexively headbutt those who attack you in melee.
You have a pair of horns on your head.


Message History

You are too injured to fight recklessly!
You are too injured to fight recklessly!
You are too injured to fight recklessly!
You are too injured to fight recklessly!
You are too injured to fight recklessly!
You are too injured to fight recklessly!
You are too injured to fight recklessly!
You are too injured to fight recklessly!
You are too injured to fight recklessly!
You barely miss the orc warrior. Your headbutt misses the orc warrior.
The orc warrior is heavily wounded.
The orc warrior hits you with a dire flail.
You hit the orc warrior. Your headbutt misses the orc warrior.
The orc warrior is heavily wounded.
The orc warrior hits you with a dire flail!!
* * * LOW HITPOINT WARNING * * *
You hit the orc warrior. Your headbutt misses the orc warrior.
The orc warrior is severely wounded.
The orc warrior hits you with a dire flail!
You die...

## #...#.....#
#...#.....# .
#....#...## #.
####.###### #.(
#....# #. #..
########....# #.
##...##.....##....#
#.
#.....o...........#
#.
#.....)@....##...##
##
##...##.....######
# #. #......# #.
.........# #.
..........#
...........#
+####...#..#
#...####


You could see an orc warrior.

Vanquished Creatures
  Prince Ribbit (D:5)
  Sigmund (D:2)
  A sky beast (D:6)
  An ogre (D:3)
  A scorpion (D:4)
  2 bullfrog zombies (D:5)
  3 orc priests
  2 hounds
  2 bullfrog skeletons
  4 orc wizards
  A worker ant (D:5)
  A howler monkey zombie (D:5)
  Robin (D:2)
  8 adders
  A gnoll (D:1)
  2 shadow imps (D:5)
  An ooze (D:1)
  2 worms
  An adder skeleton (D:6)
  A dart slug (D:2)
  4 leopard geckos
  8 orcs
  15 bats
  5 giant cockroaches
  15 hobgoblins
  4 jackals
  2 quokkas (D:2)
  3 ball pythons
  9 frilled lizards
  15 goblins
  8 kobolds
  6 rats
131 creatures vanquished.

Notes
Turn   | Place    | Note
-------+----------+-------------------------------------------
     0 | D:1      | nikopol the Minotaur Berserker began the quest for the Orb.
     0 | D:1      | Reached XP level 1. HP: 19/19 MP: 0/0
    41 | D:1      | Reached skill level 4 in Axes
    61 | D:1      | Reached XP level 2. HP: 14/27 MP: 1/1
   534 | D:1      | Reached ** piety under Trog
   569 | D:1      | Reached XP level 3. HP: 16/33 MP: 2/2
  1166 | D:2      | Noticed Robin
  1173 | D:2      | Reached skill level 5 in Axes
  1179 | D:2      | Reached XP level 4. HP: 16/40 MP: 3/3
  1180 | D:2      | Killed Robin
  1470 | D:2      | Found a sacrificial altar of Ru.
  1596 | D:2      | Reached *** piety under Trog
  1615 | D:2      | Noticed Sigmund
  1625 | D:2      | Reached XP level 5. HP: 32/47 MP: 4/4
  1629 | D:2      | Killed Sigmund
  1629 | D:2      | Reached skill level 6 in Axes
  1629 | D:2      | Reached XP level 6. HP: 27/55 MP: 5/5
  2263 | D:2      | Found an ancient bone altar of Kikubaaqudgha.
  2606 | D:3      | Reached skill level 5 in Fighting
  2606 | D:3      | Reached skill level 7 in Axes
  2641 | D:3      | Reached skill level 1 in Stealth
  2703 | D:3      | Found a glowing silver altar of Zin.
  2813 | D:3      | Found a shattered altar of Ashenzari.
  2974 | D:3      | Found a bloodstained altar of Trog.
  2975 | D:3      | Found a snail-covered altar of Cheibriados.
  3131 | D:4      | Reached XP level 7. HP: 54/61 MP: 6/6
  3385 | D:4      | Found an iron altar of Okawaru.
  3503 | D:4      | Reached **** piety under Trog
  3797 | D:4      | Found a deep blue altar of Sif Muna.
  3862 | D:4      | Found a blossoming altar of Fedhas.
  3864 | D:4      | Found an ancient bone altar of Kikubaaqudgha.
  3864 | D:4      | Found a stormy altar of Qazlal.
  3866 | D:4      | Found a shattered altar of Ashenzari.
  3866 | D:4      | Found a white marble altar of Elyvilon.
  3866 | D:4      | Found a shimmering altar of Xom.
  4242 | D:5      | Entered Level 5 of the Dungeon
  4550 | D:5      | Noticed Prince Ribbit
  4559 | D:5      | Killed Prince Ribbit
  4559 | D:5      | Reached skill level 8 in Axes
  4578 | D:5      | Reached skill level 5 in Armour
  4787 | D:5      | Found a blossoming altar of Fedhas.
  4821 | D:5      | Reached XP level 8. HP: 70/70 MP: 7/7
  5122 | D:5      | Found a staircase to the Ecumenical Temple.
  5304 | D:6      | Reached skill level 9 in Axes
  5313 | D:6      | Mangled by an orc warrior

Vault maps used:
D:1:      grunt_arrival_lava_bath, nrook_mini_backslash, minmay_close_crescents
D:2:      nicolae_ru_great_annihilating_truth,
          lemuel_zombie_altar_kikubaaqudgha, hangedman_decor_opposing,
          uniq_sigmund, uniq_robin
D:3:      marbit_many_paths, zin_treasury, gammafunk_temple_overflow_pools,
          first_bread, bh_walls_and_bars
D:4:      led_sif_pool, doesnt_xom_only_xom, okawaru_ov_weapons_minmay
D:5:      fedhas_altar_2, minmay_temple_entry_enclosed_plants,
          uniq_prince_ribbit1
D:6:      minmay_guarded_unrand_vampires_tooth, uniq_menkaure

Skill      XL: |  1  2  3  4  5  6  7  8 |
---------------+-------------------------+-----
Axes           | 4 5 6 7 8 9 |  9.0
Fighting       | 4 5 6 |  6.2
Dodging        | 3 4 |  4.3
Armour         | 3 5 |  5.4
Stealth        | 1 |  1.5

Action                   |  1- 3 |  4- 6 |  7- 9 || total
-------------------------+-------+-------+-------++-------
Melee: Hand axe          |    73 |    69 |       ||   142
       Headbutt          |     8 |    18 |    17 ||    43
       War axe           |       |    37 |    86 ||   123
Invok: Berserk           |     2 |     1 |     1 ||     4
 Stab: Paralysed         |       |     1 |       ||     1
  Eat: Chunk             |     1 |     9 |     7 ||    17
Armor: Animal skin       |    20 |       |       ||    20
       Scale mail        |       |    42 |    35 ||    77
Dodge: Dodged            |    59 |    67 |    47 ||   173

Table legend:
 A = Spawn XP
 B = Non-spawn XP
 C = Spawn XP percentage of total XP
 D = Spawn monster count
 E = Non-spawn monster count
 F = Spawn count percentage of total count
 G = Total turns spent on level
                    A         B        C        D         E        F      G
               +---------+---------+-------+---------+---------+-------+---------
         Total |       0 |    1767 |   0.0 |       0 |     131 |   0.0 |  5313
               +---------+---------+-------+---------+---------+-------+---------
           D:1 |       0 |      67 |   0.0 |       0 |      31 |   0.0 |  1112
           D:2 |       0 |     403 |   0.0 |       0 |      44 |   0.0 |  1270
           D:3 |       0 |     221 |   0.0 |       0 |      21 |   0.0 |   732
           D:4 |       0 |     213 |   0.0 |       0 |      12 |   0.0 |  1128
           D:5 |       0 |     561 |   0.0 |       0 |      16 |   0.0 |   930
           D:6 |       0 |     302 |   0.0 |       0 |       7 |   0.0 |   141
               +---------+---------+-------+---------+---------+-------+---------
